 Dungeon Crawl Stone Soup version 0.31-a0-216-g22e908daa7 (webtiles) character file.

Game seed: 4559147753126841147

1204 Pohedonas the Trooper (level 8, -1/71 HPs)
             Began as a Minotaur Fighter on July 2, 2023.
             Was a Follower of Okawaru.
             Slain by a sky beast (6 damage)
             ... on level 6 of the Dungeon.
             The game lasted 00:10:37 (5129 turns).

Pohedonas the Trooper (Minotaur Fighter)            Turns: 5129, Time: 00:10:41

Health: -1/71      AC:  9    Str: 22    XL:     8   Next: 21%
Magic:  7/7        EV: 11    Int:  5    God:    Okawaru [*.....]
Gold:   89         SH:  5    Dex: 11    Spells: 7/7 levels left

rFire   . . .        a - +2 war axe (elec)
rCold   . . .        c - +0 buckler
rNeg    . . .        b - +0 scale mail
rPois   .            (helmet restricted)
rElec   .            (no cloak)
rCorr   .            (no gloves)
SInv    .            h - +0 pair of boots
Will    .....        (no amulet) Stlth
                     (no ring)
HPRegen 0.31/turn    (no ring)
MPRegen 0.10/turn

%: no passive effects
@: no status effects
A: horns 2, retaliatory headbutt
a: Renounce Religion, Heroism


You were on level 6 of the Dungeon.
You worshipped Okawaru.
Okawaru was aware of your devotion.
You visited 2 branches of the dungeon, and saw 7 of its levels.

You collected 314 gold pieces.
You spent 225 gold pieces at shops.

Inventory:

Hand Weapons
 a - a +2 war axe of electrocution (weapon)
 l - a +1 war axe of freezing
Armour
 b - a +0 scale mail (worn)
 c - a +0 buckler (worn)
 h - a +0 pair of boots (worn)
Scrolls
 g - a scroll of teleportation
 i - 3 scrolls of fear
Potions
 d - 2 potions of might
 e - 4 potions of curing
 f - 2 potions of attraction
 j - 2 potions of heal wounds
 k - a potion of magic


   Skills:
 + Level 6.4 Fighting
 + Level 5.7 Axes
 + Level 6.3 Armour
 + Level 4.5 Dodging
 + Level 6.3 Shields


You had 7 spell levels left.
You didn't know any spells.
Your spell library was empty.

Dungeon Overview and Level Annotations

Branches:
Dungeon (6/15)             Temple (1/1) D:6

Altars:
Ashenzari
Dithmenos
Fedhas
Gozag
Hepliaklqana
Kikubaaqudgha
Nemelex Xobeh
Okawaru
Qazlal
Sif Muna
Trog
Uskayaw
Vehumet
Xom
Yredelemnul
Zin
The Shining One

Shops:
D:4 :*?*   D:5 =

Annotations:
D:1 2 transporters


Innate Abilities, Weirdness & Mutations

You have a pair of horns on your head.
You reflexively headbutt those who attack you in melee.


Message History

You barely miss something. Something hits you. Something shocks you.
* * * LOW HITPOINT WARNING * * *
Unknown command.
Unknown command.
You miss something. Something hits you.
* * * LOW HITPOINT WARNING * * *
Something shocks you.
* * * LOW HITPOINT WARNING * * *
You block something's attack.
Unknown command.
You miss something. Something hits you.
* * * LOW HITPOINT WARNING * * *
Something shocks you.
* * * LOW HITPOINT WARNING * * *
Unknown command.
You feel much better. Something hits you. Something shocks you.
Unknown command.
You closely miss something. Your headbutt misses something.
Something hits you but does no damage.
You completely miss something. Something hits you but does no damage.
You miss something. Your headbutt misses something.
Something hits you but does no damage.
You barely miss something. Something hits you. Something shocks you.
* * * LOW HITPOINT WARNING * * *
Something hits you but does no damage.
You slash something! Something hits you.
* * * LOW HITPOINT WARNING * * *
Something shocks you.
* * * LOW HITPOINT WARNING * * *
You closely miss something. Something hits you but does no damage.
Unknown command.
You miss something. You block something's attack.
You miss something. Something hits you.
* * * LOW HITPOINT WARNING * * *
Something shocks you.
* * * LOW HITPOINT WARNING * * *
Something hits you.
* * * LOW HITPOINT WARNING * * *
Something shocks you.
You die...

##....###.......+
#..........
...............##
#..........
..............##
#..........
#...............#
####..........
##..###......>#.##
#............. ####
#....##....###.............
#....# .##............<....
#.......##..###.#.........#
#...... #@)# ..###.##....#
#.){)#...# ######...
#.........# #...
#..........# ....
#............# ..#..
.........####.. .....
.....##..# . ..#.. ...#


There were no monsters in sight!

Vanquished Creatures
  An orc warrior (D:6)
  An ogre (D:5)
  A phantom (D:5)
  A scorpion (D:4)
  4 wights
  A howler monkey (D:4)
  2 jellies (D:5)
  2 orc priests (D:3)
  3 hounds
  2 iguanas
  6 orc wizards
  7 gnolls
  4 adders
  An ufetubus (D:5)
  2 worms (D:3)
  4 dart slugs
  19 orcs
  10 endoplasms
  5 giant cockroaches
  8 goblins
  12 hobgoblins
  4 quokkas
  6 ball pythons
  7 bats
  4 frilled lizards
  8 kobolds
  4 rats
129 creatures vanquished.

Notes
Turn   | Place    | Note
-------+----------+-------------------------------------------
     0 | D:1      | Pohedonas the Minotaur Fighter began the quest for the Orb.
     0 | D:1      | Reached XP level 1. HP: 19/19 MP: 0/0
   143 | D:1      | Reached XP level 2. HP: 24/27 MP: 1/1
   449 | D:1      | Found a faded altar of an unknown god.
   527 | D:1      | Reached skill level 1 in Dodging
   777 | D:2      | Reached XP level 3. HP: 33/33 MP: 2/2
  1593 | D:3      | Reached XP level 4. HP: 32/40 MP: 3/3
  1795 | D:3      | Found a shadowy altar of Dithmenos.
  1834 | D:3      | Found a glowing silver altar of Zin.
  1982 | D:3      | Reached XP level 5. HP: 21/47 MP: 4/4
  2481 | D:4      | Found Tomnoz's Assorted Antiques.
  2679 | D:4      | Reached XP level 6. HP: 20/55 MP: 5/5
  2930 | D:4      | Bought a scroll labelled PEDWOUPP YRESIS for 26 gold pieces
  2991 | D:4      | Reached skill level 5 in Fighting
  2991 | D:4      | Found Dyul's Book Shop.
  3093 | D:4      | Reached skill level 5 in Armour
  3093 | D:4      | Reached skill level 5 in Shields
  3540 | D:4      | Found Gadduh's Magic Scroll Emporium.
  3547 | D:4      | Found Niwnate's Assorted Antiques.
  3557 | D:4      | Bought a scroll labelled KUMIME UDUGAF for 30 gold pieces
  3709 | D:4      | Found a hazy altar of Hepliaklqana.
  3713 | D:4      | Found a basalt altar of Yredelemnul.
  3717 | D:4      | Found an ancient bone altar of Kikubaaqudgha.
  3771 | D:4      | Found a glowing golden altar of the Shining One.
  3797 | D:5      | Entered Level 5 of the Dungeon
  3802 | D:5      | Reached XP level 7. HP: 60/61 MP: 6/6
  4017 | D:5      | Reached skill level 5 in Axes
  4118 | D:5      | Found Kool's Jewellery Shop.
  4347 | D:4      | Bought a runed war axe for 169 gold pieces
  4408 | D:6      | Found a staircase to the Ecumenical Temple.
  4418 | Temple   | Entered the Ecumenical Temple
  4503 | Temple   | Became a worshipper of Warmaster Okawaru
  4839 | D:6      | Reached XP level 8. HP: 61/70 MP: 7/7
  5114 | D:6      | Reached * piety under Okawaru
  5129 | D:6      | Slain by a sky beast

Illustrated notes

Levels and vault maps discovered:
D:1:      spicycebolla_arrival_transporter_tutorial, layout_loops_ring,
          hellmonk_ecumenical_altar_inner_sanctum
D:2:      layout_loops_corners
D:3:      layout_basic, grunt_dithmenos_smoke, zin_scriptorium
D:4:      layout_rooms, grunt_temple_overflow_diamond, tso_oasis_becter,
          serial_shops, nicolae_shop_behind_doors, nicolae_diamond_shop, shop,
          shop, nicolae_underground_beach
D:5:      layout_rooms, serial_shops, nicolae_shop_stone
D:6:      layout_cave_pools, kennysheep_little_box,
          minmay_temple_entry_statues_fountains, minmay_stone_trees_small
Temple:   compressed_dpeg_circular_temple

Skill      XL: |  1  2  3  4  5  6  7 |
---------------+----------------------+-----
Dodging        | 1 2 3 4 |  4.5
Fighting       | 4 5 6 |  6.4
Armour         | 4 5 6 |  6.3
Shields        | 4 5 6 |  6.3
Axes           | 3 4 5 |  5.7

Action                     |  1- 3 |  4- 6 |  7- 9 || total
---------------------------+-------+-------+-------++-------
  Melee: War axe           |    82 |   124 |    81 ||   287
         Headbutt          |    10 |    21 |     8 ||    39
    Use: Scroll            |    10 |     3 |     2 ||    15
         Potion            |       |     1 |     1 ||     2
 Armour: Scale mail        |    32 |    46 |    42 ||   120
  Dodge: Dodged            |    40 |    72 |    27 ||   139
  Block: Buckler           |    11 |    22 |    12 ||    45

Table legend: (Time is in decaauts)
 A = Elapsed time spent in this place.
 B = Non-inter-level travel time spent in this place.
 C = Inter-level travel time spent in this place.
 D = Time resting spent in this place.
 E = Time spent auto-exploring this place.
 F = Levels seen in this place.
 G = Mean time per level.
                   A        B        C        D        E       F      G
               +--------+--------+--------+--------+--------+-----+--------+
         Total |   5214 |   5004 |    210 |    645 |   3500 |   7 |  744.9 |
       Dungeon |   4816 |   4623 |    193 |    373 |   3459 |   6 |  802.7 |
        Temple |    397 |    380 |     17 |    272 |     41 |   1 |  397.0 |
               +--------+--------+--------+--------+--------+-----+--------+

Top non-repeatable levels by time:
     D:4: 1220 daAuts
     D:3: 1063 daAuts
     D:2: 827 daAuts
     D:1: 786 daAuts
     D:5: 551 daAuts
  Temple: 397 daAuts
     D:6: 366 daAuts
